 Dungeon Crawl Stone Soup version 0.31.0-32-g396128a36d (webtiles) character file.

Game seed: 14967954982907571754

565 hawla the Chucker (level 7, -1/85 HPs)
             Began as a Minotaur Fighter on Mar 10, 2024.
             Slain by a gnoll
             ... wielding a +0 spear
             ... led by a gnoll bouda
              (4 damage)
             ... on level 4 of the Dungeon.
             The game lasted 00:09:21 (3662 turns).

hawla the Chucker (Minotaur Fighter)                Turns: 3662, Time: 00:09:22

Health: -1/85      AC: 12    Str: 18 (21) XL:     7   Next: 10%
Magic:  6/6        EV:  5    Int:  4 (7)  God:
Gold:   193        SH:  5    Dex: 11      Spells: 6/6 levels left

rFire   . . .        g - +0 long sword of the Uplifting Sybil {freeze, rPois rC+ Int+2}
rCold   + . .        c - +0 buckler
rNeg    . . .        i - +0 plate armour
rPois   +            (helmet restricted)
rElec   .            (no cloak)
rCorr   .            f - +0 pair of gloves
SInv    .            (no boots)
Will    +....        (no amulet) Stlth
                     e - ring of willpower
HPRegen 0.34/turn    (no ring)
MPRegen 0.10/turn

%: no passive effects
@: berserking, very quick
A: horns 2, retaliatory headbutt, passive freeze
a: no special abilities


You were on level 4 of the Dungeon.
You visited 1 branch of the dungeon, and saw 4 of its levels.
You also visited: Sewer.

You collected 193 gold pieces.

Inventory:

Hand Weapons
 g - the +0 long sword of the Uplifting Sybil (weapon) {freeze, rPois rC+ Int+2}
   (You found it in a sewer)

   Int+2:     It affects your intelligence (+2).
   rC+:       It protects you from cold.
   rPois:     It protects you from poison
 h - a +3 dagger
Missiles
 o - 6 poisoned darts (quivered)
Armour
 c - a +0 buckler (worn)
 f - a +0 pair of gloves (worn)
 i - a +0 plate armour (worn)
Jewellery
 a - a ring of see invisible
 e - a ring of willpower (left hand)
Scrolls
 k - 3 scrolls of revelation
 m - 2 scrolls of enchant weapon
 n - a scroll of fog
 p - 3 scrolls of teleportation {unknown}
 r - a scroll of silence {unknown}
 u - 2 scrolls of noise {unknown}
Potions
 b - 2 potions of enlightenment


   Skills:
 - Level 3.6 Fighting
 + Level 3.1 Long Blades
 - Level 6.0 Throwing
 - Level 3.6 Armour
 - Level 3.0 Dodging
 - Level 5.0 Shields


You had 6 spell levels left.
You didn't know any spells.
Your spell library was empty.

Dungeon Overview and Level Annotations

Branches:
Dungeon (4/15)              Sewer (visited)
 Temple: D:4-7

Altars:
Uskayaw
Zin


Innate Abilities, Weirdness & Mutations

You have a pair of horns on your head.
You reflexively headbutt those who attack you in melee.
A frigid envelope surrounds you and freezes all who hurt you.


Message History

The gnoll bouda hits you with a +0 whip.
You hit the gnoll but do no damage.
Your attacks no longer feel as feeble.
The gnoll hits you with a +0 spear. x2; The gnoll hits you but does no damage.
The gnoll bouda hits you with a +0 whip.
You block the gnoll's attack.
You barely miss the gnoll. Your headbutt misses the gnoll.
The gnoll hits you but does no damage. The gnoll hits you with a +0 spear.
The gnoll bouda hits you but does no damage.
The gnoll hits you with a +0 spear! The gnoll hits you with a +0 spear.
* * * LOW HITPOINT WARNING * * *
The gnoll barely misses you.
As you read the scroll labelled UCZUWKAUNT, it crumbles to dust.
Your body is wracked with pain!
* * * LOW HITPOINT WARNING * * *
The gnoll convulses! x3; The gnoll bouda convulses!
It was a scroll of torment.
The gnoll bouda hits you with a +0 whip.
* * * LOW HITPOINT WARNING * * *
The gnoll completely misses you. You furiously retaliate!
You headbutt the gnoll!
You kill the gnoll!
The gnoll hits you but does no damage. The gnoll hits you with a +0 spear.
* * * LOW HITPOINT WARNING * * *
It was a potion of mutation.
You feel extremely strange.
Your skin feels very cold.
The gnoll bouda hits you with a +0 whip.
* * * LOW HITPOINT WARNING * * *
The gnoll bouda is very cold.
The gnoll bouda is almost dead.
The gnoll hits you but does no damage.
The gnoll is very cold.
The gnoll is severely wounded.
The gnoll barely misses you.
A red film seems to cover your vision as you go berserk!
You feel yourself moving faster!
You feel mighty!
The gnoll bouda hits you with a +0 whip!
* * * LOW HITPOINT WARNING * * *
The gnoll bouda is very cold.
You kill the gnoll bouda!
The gnoll hits you with a +0 spear.
You die...

###............##... #..
##..##########...###.)
.. #...~÷~~~~~.~#....#
#.# #....############.##
.# #.......##...# ##...
#..#.....[...##......
#####................ .#
##..#.....g...... ...
#######..###...@$......
...
##....#...##...).g......
..
#..........[....##..#...
##. #...........#..##
..# . ...
##.........###.... ...
##. #..........#
##.....### ...# #.
........#.†## ...... ...
#...........# #...##.
..## .
#..........######..##.
...# .


You could see 2 gnolls.

Vanquished Creatures
  2 bullfrogs (Sewer)
  A scorpion (D:4)
  A hound (D:4)
  A gnoll bouda (D:4)
  An iguana (D:4)
  2 orc wizards (D:3)
  6 gnolls (D:4)
  9 adders
  10 dart slugs
  7 orcs (D:3)
  16 ball pythons
  7 bats
  10 endoplasms
  14 giant cockroaches
  3 goblins
  6 hobgoblins
  3 kobolds
  4 quokkas
  7 frilled lizards
  3 rats
113 creatures vanquished.

Notes
Turn   | Place    | Note
-------+----------+-------------------------------------------
     0 | D:1      | hawla the Minotaur Fighter began the quest for the Orb.
     0 | D:1      | Reached XP level 1. HP: 19/19 MP: 0/0
    49 | D:1      | Reached skill level 1 in Dodging
   270 | D:1      | Reached XP level 2. HP: 26/26 MP: 1/1
  1010 | D:2      | Reached XP level 3. HP: 31/31 MP: 2/2
  1182 | D:2      | Identified the +1 robe of the Evening {+Blink rPois rC+++
                  | Dex-4}
  1522 | D:3      | Reached XP level 4. HP: 38/39 MP: 3/3
  1529 | D:3      | Reached skill level 5 in Shields
  1529 | D:3      | Reached skill level 1 in Throwing
  1815 | D:3      | Found a hide-covered altar of Uskayaw.
  1815 | D:3      | Found a glowing silver altar of Zin.
  1902 | D:3      | Reached skill level 2 in Throwing
  1902 | D:3      | Reached XP level 5. HP: 17/45 MP: 4/4
  2328 | D:4      | Found a glowing drain.
  2357 | Sewer    | Entered a sewer
  2398 | Sewer    | Reached skill level 3 in Throwing
  2653 | Sewer    | Reached skill level 4 in Throwing
  2655 | Sewer    | HP: 3/100 [bullfrog (3)]
  2657 | Sewer    | Reached XP level 6. HP: 4/51 MP: 5/5
  2663 | Sewer    | Reached skill level 5 in Throwing
  2673 | Sewer    | HP: 2/51 [dart slug/slug dart (3)]
  2874 | Sewer    | Identified the +0 long sword of the Uplifting Sybil
                  | {freeze, rPois rC+ Int+2}
  3485 | D:4      | Reached skill level 6 in Throwing
  3485 | D:4      | Reached XP level 7. HP: 47/57 MP: 6/6
  3661 | D:4      | Gained mutation: A frigid envelope surrounds you and
                  | freezes all who hurt you. [potion of mutation]
  3662 | D:4      | HP: 3/85 [gnoll bouda/+0 whip (7)]
  3662 | D:4      | Slain by a gnoll

Illustrated notes

Levels and vault maps discovered:
D:1:      nzn_arrival_water_spiral, layout_loops_corners
D:2:      layout_basic, serial_bayou_ford_a
D:3:      layout_basic, gammafunk_temple_overflow_pools, serial_rivers,
          chequers_serial_rivers_marsh, chequers_serial_rivers_marsh,
          chequers_serial_rivers_micro_a, chequers_serial_rivers_small_a,
          minmay_unequal
D:4:      layout_cave_pools, portal_sewer_entry_d,
          chequers_serial_rivers_small_a

Skill      XL: |  1  2  3  4  5  6  7 |
---------------+----------------------+-----
Dodging        | 1 3 |  3.0
Shields        | 4 5 |  5.0
Throwing       | 2 4 6 |  6.0
Long Blades    | 3 |  3.1
Fighting       | |  3.6
Armour         | |  3.6

Action                     |  1- 3 |  4- 6 |  7- 9 || total
---------------------------+-------+-------+-------++-------
  Melee: Long sword        |   111 |   203 |    22 ||   336
         Headbutt          |    17 |    27 |     3 ||    47
  Throw: Dart              |       |     4 |       ||     4
    Use: Potion            |       |    10 |     2 ||    12
         Scroll            |       |     4 |     1 ||     5
 Armour: Scale mail        |    10 |       |       ||    10
         Plate armour      |    78 |   290 |    51 ||   419
         Skin              |       |    28 |       ||    28
  Dodge: Dodged            |    35 |    88 |     6 ||   129
  Block: Buckler           |    38 |    99 |    10 ||   147
